 Dungeon Crawl Stone Soup version 0.21.1-1-g345015f (webtiles) character file.

6389 wojtek the Cleaver (level 10, 0/87 (88) HPs)
             Began as a Minotaur Fighter on July 8, 2018.
             Was a Priest of Okawaru.
             Killed from afar by an orc wizard (6 damage)
             ... with a magic dart
             ... on level 9 of the Dungeon.
             The game lasted 00:11:07 (9199 turns).

wojtek the Cleaver (Minotaur Fighter)               Turns: 9199, Time: 00:11:07

HP:   0/87 (88)     AC: 11    Str: 24    XL:     10   Next: 66%
MP:   13/13         EV: 11    Int:  5    God:    Okawaru [***...]
Gold: 567           SH: 11    Dex: 10    Spells: 9/9 levels left

rFire    . . .     SeeInvis .   Q - +0 war axe
rCold    . . .     Gourm    .   c - +0 shield
rNeg     + . .     Faith    .   b - +0 scale mail
rPois    +         Spirit   .   (helmet restricted)
rElec    .         Reflect  .   t - +2 cloak
rCorr    .         Harm     .   (no gloves)
MR       .....                  (no boots)
Stlth    ..........             (no amulet)
HPRegen  0.24/turn              r - ring of poison resistance
MPRegen  0.13/turn              g - ring of positive energy

@: no status effects
A: retaliatory headbutt, horns 2
a: Heroism, Renounce Religion


You were on level 9 of the Dungeon.
You worshipped Okawaru.
Okawaru was most pleased with you.
You were not hungry.

You visited 1 branch of the dungeon, and saw 10 of its levels.

You collected 567 gold pieces.

Inventory:

Hand Weapons
 a - a +1 antimagic hand axe
 x - a +0 whip of flaming
 N - a cursed +0 battleaxe
 Q - a +0 war axe (weapon)
Missiles
 o - 3 throwing nets (quivered)
Armour
 b - a +0 scale mail (worn)
 c - a +0 shield (worn)
 t - a +2 cloak (worn)
 A - the cursed +0 ring mail of Sif Muna's Regard {rF+ rC+ Int-4 Dex+6}
   (You found it on level 6 of the Dungeon)

   It affects your intelligence (-4).
   It affects your dexterity (+6).
   It protects you from fire.
   It protects you from cold.
   It has a curse placed upon it.
Jewellery
 g - a ring of positive energy (right hand)
 r - a ring of poison resistance (left hand)
 B - a +3 ring of intelligence {unknown}
 F - an uncursed ring of positive energy
 J - the amulet "Etiucuve" {RegenMP +Inv rPois, unknown}
   (You found it on level 7 of the Dungeon)

   [amulet of magic regeneration]

   It increases your magic regeneration.
   It protects you from poison.
   It lets you turn invisible.
Wands
 z - a wand of flame (32)
 G - a wand of scattershot (3)
 I - a wand of polymorph (9)
 K - a wand of paralysis (12)
 L - a wand of random effects (31)
 M - a wand of enslavement (7)
Scrolls
 e - 12 scrolls of identify
 j - 3 scrolls of blinking
 l - 3 scrolls of magic mapping {unknown}
 n - 4 scrolls of amnesia {unknown}
 q - a scroll of enchant armour {unknown}
 s - 3 scrolls of enchant weapon {unknown}
 u - 3 scrolls of teleportation {unknown}
 v - 2 scrolls of noise {unknown}
 y - a scroll of random uselessness {unknown}
 H - 2 scrolls of vulnerability {unknown}
 R - a scroll of immolation {unknown}
Potions
 d - 2 potions of might
 h - 2 potions of invisibility {unknown}
 i - 2 potions of degeneration {unknown}
 k - 2 potions of curing
 m - 3 potions of lignification {unknown}
 w - a potion of brilliance {unknown}
 E - 3 potions of heal wounds {unknown}
 P - a potion of haste {unknown}
 S - a potion of berserk rage {unknown}
Books
 p - a book of Minor Magic

   Spells                             Type                      Level
   a - Magic Dart                     Conjuration                  1
   b - Blink                          Translocation                2
   c - Call Imp                       Summoning                    2
   d - Slow                           Hexes                        2
   e - Conjure Flame                  Conjuration/Fire             3
   f - Mephitic Cloud                 Conjuration/Poison/Air       3
 C - a book of Maledictions

   Spells                             Type                      Level
   a - Corona                         Hexes                        1
   b - Ensorcelled Hibernation        Hexes/Ice                    2
   c - Confuse                        Hexes                        3
   d - Tukima's Dance                 Hexes                        3
   e - Dazzling Spray                 Conjuration/Hexes            3
 O - a book of Air

   Spells                             Type                      Level
   a - Shock                          Conjuration/Air              1
   b - Swiftness                      Charms/Air                   2
   c - Static Discharge               Conjuration/Air              3
   d - Airstrike                      Air                          4
   e - Lightning Bolt                 Conjuration/Air              5
Miscellaneous
 D - a lamp of fire
Comestibles
 f - 17 rations
 T - a chunk of flesh


   Skills:
 + Level 8.3 Fighting
 + Level 10.0 Axes
 + Level 8.3 Armour
 + Level 6.8 Dodging
 + Level 8.2 Shields
 * Level 6.4 Invocations


You had 9 spell levels left.
You didn't know any spells.

Dungeon Overview and Level Annotations

Branches:
Dungeon (10/15)            Temple (0/1) D:6             Orc (0/2) D:9
   Lair: D:8-11

Altars:
Cheibriados
Dithmenos
Elyvilon
Fedhas
Gozag
Hepliaklqana
Makhleb
Okawaru
Ru
Trog
Uskayaw
Vehumet
Xom
The Shining One

Shops:
D:7 *


Innate Abilities, Weirdness & Mutations

You reflexively headbutt those who attack you in melee.
You have a pair of horns on your head.


Message History

You slash the orc wizard! The orc wizard barely misses you.
The ogre hits you with a giant club!!
* * * LOW HITPOINT WARNING * * *
The orc wizard barely misses you. You furiously retaliate!
You headbutt the orc wizard. You block the orc wizard's attack.
The orc wizard hits you but does no damage.
The orc wizard points at you and mumbles some strange words.
The puff of flame misses you.
There is a stone staircase leading up here.
The orc wizard hits you but does no damage.
The ogre misses you. You block the orc wizard's attack.
You climb upwards.
There is a stone staircase leading down here.
The orc wizard casts a spell at you. The puff of frost hits you!
* * * LOW HITPOINT WARNING * * *
The orc wizard casts a spell at you. The magic dart hits you!
You die...

#................
#.############### ##.# #
#..# # #.## # #.# # #.# #
#.# #
##########@################
#.........oO>...(..........
#..................>.......
#..>............<..........
#...........(..............
#..............)..........[
###########################
# #


You could see an ogre and an orc wizard.

Vanquished Creatures
  A two-headed ogre (D:9)
  Pikel (D:4)
  Psyche (D:8)
  Prince Ribbit (D:8)
  The ghost of Zeloya the Slasher, an amateur HaWr of Okawaru (D:5)
  2 hippogriffs
  A spriggan (D:8)
  A wyvern (D:10)
  Eustachio (D:6)
  A hungry ghost (D:9)
  Edmund (D:4)
  An orc warrior (D:9)
  2 sky beasts
  An ice beast (D:8)
  A phantom (D:8)
  2 slaves (D:4)
  A black bear (D:9)
  A necrophage (D:6)
  3 centaurs
  7 ogres
  Blork the orc (D:4)
  5 bullfrogs
  4 scorpions
  5 wights (D:9)
  4 howler monkeys (D:7)
  4 crimson imps
  2 bullfrog zombies
  2 centaur zombies
  An iron imp (D:5)
  5 hounds
  3 orc priests
  A centaur skeleton (D:7)
  3 bullfrog skeletons
  Crazy Yiuf (D:5)
  An iguana (D:7)
  3 orc wizards
  5 worker ants
  Robin (D:2)
  10 gnolls
  13 adders
  A howler monkey skeleton (D:4)
  2 oozes
  2 adder skeletons
  3 worms
  4 dart slugs
  4 leopard geckos
  29 orcs
  3 ball pythons
  5 bats
  4 giant cockroaches
  14 goblins
  10 hobgoblins
  3 jackals
  5 quokkas
  4 frilled lizards
  9 kobolds
  A quokka skeleton (D:5)
  7 rats
215 creatures vanquished.

Vanquished Creatures (others)
  A fungus (D:10)
1 creature vanquished.

Grand Total: 216 creatures vanquished

Notes
Turn   | Place    | Note
-------+----------+-------------------------------------------
     0 | D:1      | wojtek the Minotaur Fighter began the quest for the Orb.
     0 | D:1      | Reached XP level 1. HP: 19/19 MP: 0/0
    40 | D:1      | Reached skill level 3 in Axes
   156 | D:1      | Reached XP level 2. HP: 26/26 MP: 1/1
   577 | D:1      | Reached skill level 4 in Axes
   636 | D:2      | Reached XP level 3. HP: 31/31 MP: 2/2
   673 | D:2      | Noticed Robin
   677 | D:2      | Reached skill level 5 in Axes
   687 | D:2      | Killed Robin
   687 | D:2      | Reached XP level 4. HP: 13/39 MP: 3/3
   959 | D:2      | You fall through a shaft!
   986 | D:3      | Found a bloodstained altar of Trog.
  1148 | D:2      | Reached skill level 6 in Axes
  1191 | D:2      | Found a radiant altar of Vehumet.
  1202 | D:2      | Reached XP level 5. HP: 35/45 MP: 4/4
  1946 | D:4      | Noticed Blork the orc
  1958 | D:4      | Killed Blork the orc
  1958 | D:4      | Reached skill level 1 in Dodging
  2038 | D:4      | Reached skill level 7 in Axes
  2038 | D:4      | Reached XP level 6. HP: 37/52 MP: 5/5
  2189 | D:4      | Found a white marble altar of Elyvilon.
  2190 | D:4      | Noticed Edmund
  2198 | D:4      | Killed Edmund
  2326 | D:4      | Found a blossoming altar of Fedhas.
  2469 | D:4      | Reached XP level 7. HP: 15/60 MP: 6/6
  2799 | D:4      | Noticed Pikel
  2837 | D:4      | Killed Pikel
  2837 | D:4      | Reached skill level 5 in Fighting
  2837 | D:4      | Reached skill level 5 in Armour
  2837 | D:4      | Reached skill level 5 in Shields
  2837 | D:4      | Reached XP level 8. HP: 29/69 MP: 7/7
  3006 | D:4      | Reached skill level 8 in Axes
  3562 | D:5      | Entered Level 5 of the Dungeon
  3562 | D:5      | Noticed Zeloya's ghost (amateur HaWr)
  3587 | D:5      | Killed Zeloya's ghost
  3795 | D:5      | Found an iron altar of Okawaru.
  3808 | D:5      | Became a worshipper of Warmaster Okawaru
  3830 | D:5      | Found a runed door.
  4049 | D:5      | Found a snail-covered altar of Cheibriados.
  4052 | D:5      | Reached skill level 1 in Invocations
  4338 | D:5      | Found a hide-covered altar of Uskayaw.
  4675 | D:5      | Noticed Crazy Yiuf
  4680 | D:5      | Killed Crazy Yiuf
  4792 | D:6      | Noticed Eustachio
  4806 | D:6      | Killed Eustachio
  5078 | D:6      | Reached XP level 9. HP: 54/78 MP: 9/9
  5085 | D:6      | Found a staircase to the Ecumenical Temple.
  5222 | D:6      | Reached * piety under Okawaru
  5276 | D:6      | Reached skill level 5 in Dodging
  5305 | D:6      | Got a bloodstained ring mail
  5312 | D:6      | Identified the cursed +0 ring mail of Sif Muna's Regard {rF+ rC+ Int-4 Dex+6} (You found it on level 6 of the Dungeon)
  5504 | D:6      | You fall through a shaft for 3 floors!
  5506 | D:9      | Reached skill level 9 in Axes
  5516 | D:9      | Found a staircase to the Orcish Mines.
  5520 | D:9      | Noticed a two-headed ogre
  5531 | D:9      | Killed a two-headed ogre
  5531 | D:9      | Reached ** piety under Okawaru
  5972 | D:8      | Found a sacrificial altar of Ru.
  6089 | D:8      | Noticed Prince Ribbit
  6097 | D:8      | Killed Prince Ribbit
  6475 | D:8      | Found a shimmering altar of Xom.
  6593 | D:8      | Reached XP level 10. HP: 75/85 MP: 12/12
  6612 | D:8      | Noticed Psyche
  6629 | D:8      | Killed Psyche
  6629 | D:8      | Reached skill level 5 in Invocations
  7005 | D:8      | Found a snail-covered altar of Cheibriados.
  7206 | D:7      | Found a shadowy altar of Dithmenos.
  7283 | D:7      | Got a smoking emerald amulet
  7466 | D:7      | Reached *** piety under Okawaru
  7740 | D:7      | Found Gozag's Platinum Reserve.
  7740 | D:7      | Found an opulent altar of Gozag.
  8106 | D:9      | Found a white marble altar of Elyvilon.
  8361 | D:9      | Found a bloodstained altar of Trog.
  8364 | D:9      | Found a hazy altar of Hepliaklqana.
  8425 | D:9      | Found a burning altar of Makhleb.
  9072 | D:9      | Found a glowing golden altar of the Shining One.
  9107 | D:10     | Entered Level 10 of the Dungeon
  9157 | D:10     | Reached skill level 10 in Axes
  9199 | D:9      | Killed from afar by an orc wizard

Skill      XL: |  1  2  3  4  5  6  7  8  9 10 |
---------------+-------------------------------+-----
Axes           | 3 4 5 6 7 8 9 10 | 10.0
Dodging        | 1 2 3 4 5 6 |  6.8
Fighting       | 4 5 6 7 8 |  8.3
Armour         | 4 5 6 7 8 |  8.3
Shields        | 4 5 6 7 8 |  8.2
Invocations    | 2 4 6 |  6.4

Action                   |  1- 3 |  4- 6 |  7- 9 | 10-12 || total
-------------------------+-------+-------+-------+-------++-------
Melee: War axe           |    76 |   110 |   305 |   189 ||   680
       Headbutt          |     9 |    18 |    42 |    37 ||   106
       Unarmed           |       |       |       |    14 ||    14
  Use: Scroll            |       |     2 |     1 |       ||     3
       Potion            |       |       |     1 |       ||     1
  Eat: Chunk             |       |     5 |    14 |     6 ||    25
       Ration            |       |       |       |     1 ||     1
Armor: Scale mail        |    37 |    39 |   103 |    64 ||   243
Dodge: Dodged            |    26 |    32 |    78 |    88 ||   224
Block: Shield            |    42 |    44 |   145 |   107 ||   338
